 Dungeon Crawl Stone Soup version 0.29.0-4-gdea44cf6ec (webtiles) character file.

Game seed: 4508702337500399651

1798 qw the Cleaver (level 9, -1/53 (54) HPs)
             Began as a Tengu Warper on Aug 28, 2022.
             Slain by a wight
             ... wielding a +2 scimitar
              (6 damage)
             ... on level 6 of the Dungeon.
             The game lasted 00:00:37 (6073 turns).

qw the Cleaver (Tengu Warper)                       Turns: 6073, Time: 00:00:37

HP:   -1/53 (54)    AC: 11    Str: 20    XL:     9   Next: 9%
MP:   13/13         EV: 13    Int: 16    God:
Gold: 290           SH:  0    Dex: 17    Spells: 12/12 levels left

rFire   . . .      SeeInvis .   Y - +1 war axe
rCold   x . .      Faith    .   (no shield)
rNeg    . . .      Spirit   .   h - +0 plate armour
rPois   .          Reflect  .   (helmet restricted)
rElec   .          Harm     .   (no cloak)
rCorr   .          Rampage  .   (no gloves)
Will    .....                   (boots unavailable)
Stlth   ..........              (no amulet)
HPRegen 0.17/turn               a - ring "Hufawuad" {rC- EV+4 Str+4 Int+2 Dex+4}
MPRegen 0.13/turn               (no ring)

@: flying quickly and evasively, lightly drained, quick
A: beak, talons 3, nimble flight
a: no special abilities


You were on level 6 of the Dungeon.
You visited 1 branch of the dungeon, and saw 6 of its levels.

You collected 290 gold pieces.


Innate Abilities, Weirdness & Mutations

You have a beak for a mouth.
You have claws for feet.
Your magical nature lets you fly swiftly and evasively.


   Skills:
 - Level 5.0 Fighting
 + Level 10.0 Axes
 - Level 1.0 Throwing
 - Level 4.3 Armour
 - Level 4.6 Dodging
 - Level 2.0 Spellcasting
 - Level 2.4 Translocations


You had 12 spell levels left.
You didn't know any spells.
Your spell library contained the following spells:

 Spells                   Type           Power      Damage    Failure   Level
 Blink                    Tloc           18%        N/A       97%         2
 Gell's Gravitas          Tloc           9%         N/A       99%         3
 Lesser Beckoning         Tloc           9%         N/A       99%         3
 Teleport Other           Tloc           9%         N/A       99%         3
 Manifold Assault         Tloc           9%         N/A       100%        5

Inventory:

Hand Weapons
 i - a +0 hand axe of flaming
 Y - a +1 war axe (weapon)
Missiles
 m - 3 boomerangs (quivered)
Armour
 h - a +0 plate armour (worn)
Jewellery
 a - the ring "Hufawuad" (left hand) {rC- EV+4 Str+4 Int+2 Dex+4}
   (You found it on level 2 of the Dungeon)

   [ring of evasion]

   EV:        It affects your evasion (+4).
   Str:       It affects your strength (+4).
   Int:       It affects your intelligence (+2).
   Dex:       It affects your dexterity (+4).
   rC:        It makes you vulnerable to cold.
 j - a ring of ice
Scrolls
 c - 2 scrolls of identify
Potions
 d - a potion of curing
 e - a potion of heal wounds {unknown}
 f - a potion of might
 g - a potion of flight {unknown}

Dungeon Overview and Level Annotations

Branches:
Dungeon (6/15)
 Temple: D:4-7

Altars:
Elyvilon
Nemelex Xobeh
Vehumet
Xom

Annotations:
D:5 Dowan


Message History

The wight is heavily damaged.
You hit the wight but do no damage. You hit the wight.
The wight closely misses you. The wight barely misses you.
The wight hits you but does no damage.
You hit the wight but do no damage.
The wight is heavily damaged.
You barely miss the wight. You slash the wight!
The wight hits you but does no damage. The wight hits you with a +0 spear.
The wight barely misses you.
You closely miss the wight. Your kick misses the wight.
The wight is heavily damaged.
You hit the wight. You closely miss the wight. The wight barely misses you.
The wight misses you. The wight hits you with a +0 spear.
You feel drained.
You hit the wight. You claw the wight, but do no damage.
The wight is severely damaged.
You hit the wight. You slash the wight!
An adder comes into view.
The wight closely misses you. The wight completely misses you.
The wight hits you with a +4 dire flail of freezing!
You feel drained. The wight freezes you.
You slash the wight!
You destroy the wight!
You hit the wight. You closely miss the wight.
The wight hits you but does no damage. The wight closely misses you.
Your Armour skill increases to level 4!
You hit the wight.
You destroy the wight!
You hit the wight.
You destroy the wight!
You closely miss the wight. The wight closely misses you.
Your Fighting skill increases to level 5!
You hit the wight but do no damage. The wight closely misses you.
You hit the wight but do no damage. You claw the wight, but do no damage.
The wight barely misses you.
You barely miss the wight. You claw the wight, but do no damage.
The wight hits you with a +2 scimitar.
You die...

.......##....[..#
<..###.......>..# .# ..
...# #..........# .# ...
...###.......##.##.##...
.####...................
.# #...................
.####.........>.........
................)S.....#
.####......####.@z......
.# #......# #)##.###.#
## #......# .... ..
#########..... .#
#...... # #.......
#....>... #.....?...


You could see a wight and an adder.

Vanquished Creatures
  Grinder (D:3)
  Sigmund (D:2)
  Eustachio (D:5)
  Duvessa (D:5)
  An ice beast (D:5)
  3 black bears
  An ogre (D:4)
  A phantom (D:4)
  Blork the orc (D:5)
  A scorpion (D:4)
  3 wights (D:6)
  A jelly (D:5)
  2 orc priests (D:4)
  2 iguanas (D:5)
  An orc wizard (D:4)
  Ijyb (D:4)
  A gnoll (D:1)
  10 adders
  A shadow imp (D:5)
  A worm (D:4)
  A dart slug (D:1)
  17 orcs
  8 endoplasms
  2 giant cockroaches
  8 goblins
  4 hobgoblins
  4 jackals (D:1)
  8 kobolds
  2 quokkas (D:4)
  5 ball pythons
  5 bats
  A frilled lizard (D:1)
  6 rats
106 creatures vanquished.

Notes
Turn   | Place    | Note
-------+----------+-------------------------------------------
     0 | D:1      | qw the Tengu Warper began the quest for the Orb.
     0 | D:1      | Reached XP level 1. HP: 12/12 MP: 4/4
     0 | D:1      | 0 ||| qw: Version: 0.1-a-89-g26bdef1
     0 | D:1      | 0 ||| qw: Game counter: 2896
     0 | D:1      | 0 ||| qw: Always use a shield: true
     0 | D:1      | 0 ||| qw: God list: Okawaru
     0 | D:1      | 0 ||| qw: Allow faded altars: false
     0 | D:1      | 0 ||| qw: Do Orc after D:15 true
     0 | D:1      | 0 ||| qw: Do second Lair branch before Depths: true
     0 | D:1      | 0 ||| qw: Lair rune preference: random
     0 | D:1      | 0 ||| qw: Plans: Normal
     0 | D:1      | 0 ||| PLANNING D:1-11
    28 | D:1      | 28 ||| Stepping ~*~*~tactically~*~*~ (stealth).
    76 | D:1      | Reached XP level 2. HP: 17/17 MP: 6/6
    96 | D:1      | Reached skill level 3 in Axes
   312 | D:1      | 312 ||| Stepping ~*~*~tactically~*~*~ (stealth).
   332 | D:1      | 332 ||| Stepping ~*~*~tactically~*~*~ (stealth).
   333 | D:1      | 333 ||| Stepping ~*~*~tactically~*~*~ (stealth).
   337 | D:1      | 337 ||| Stepping ~*~*~tactically~*~*~ (stealth).
   524 | D:1      | Reached XP level 3. HP: 21/21 MP: 7/7
   672 | D:1      | 672 ||| DROPPING +0 club.
   868 | D:1      | Reached skill level 4 in Axes
  1143 | D:1      | 1143 ||| READING scroll labelled SEFROO MIEM.
  1144 | D:1      | 1144 ||| READING scroll labelled TAIDOZUANY.
  1145 | D:1      | 1145 ||| READING scroll labelled ALIUMI NIMOIRR.
  1146 | D:1      | 1146 ||| DROPPING scroll of blinking.
  1167 | D:2      | 1167 ||| STAIRDANCE
  1298 | D:2      | Identified the ring "Hufawuad" {rC- EV+4 Str+4 Int+2 Dex+4}
  1377 | D:2      | 1377 ||| Stepping ~*~*~tactically~*~*~ (stealth).
  1393 | D:2      | Reached XP level 4. HP: 11/26 MP: 8/8
  1911 | D:2      | Noticed Sigmund
  1919 | D:2      | Killed Sigmund
  1920 | D:2      | Reached skill level 6 in Axes
  1920 | D:2      | Gained mutation: Your magical nature lets you fly swiftly
                  | and evasively. [Tengu growth]
  1920 | D:2      | Reached XP level 5. HP: 25/30 MP: 9/9
  1920 | D:2      | Reached XP level 6. HP: 30/35 MP: 10/10
  2383 | D:2      | 2383 ||| UPGRADING to ring "Hufawuad" {rC- EV+4 Str+4 Int+2
                  | Dex+4}.
  2384 | D:2      | 2384 ||| READING 3 scrolls labelled DANYUS IZOTH.
  2385 | D:2      | 2385 ||| READING scroll labelled DAACKEIHIZ.
  2386 | D:2      | 2386 ||| READING 2 scrolls of identify.
  2386 | D:2      | 2386 ||| IDENTIFYING clear potion
  2448 | D:1      | 2448 ||| Stepping randomly (stuck).
  2481 | D:3      | 2481 ||| STAIRDANCE
  2573 | D:3      | Noticed Grinder
  2586 | D:3      | Killed Grinder
  2587 | D:3      | Reached XP level 7. HP: 20/40 MP: 11/11
  2648 | D:3      | 2648 ||| FLEEEEING.
  2649 | D:3      | 2649 ||| FLEEEEING.
  2650 | D:3      | 2650 ||| FLEEEEING.
  2651 | D:3      | 2651 ||| FLEEEEING.
  2652 | D:3      | 2652 ||| FLEEEEING.
  2653 | D:3      | 2653 ||| FLEEEEING.
  2654 | D:3      | 2654 ||| FLEEEEING.
  2657 | D:3      | 2657 ||| STAIRDANCE
  2739 | D:2      | 2739 ||| READING scroll labelled OGOMPU WUIH.
  2836 | D:3      | Reached skill level 7 in Axes
  2911 | D:3      | 2911 ||| Stepping ~*~*~tactically~*~*~ (stealth).
  2983 | D:3      | Found a white marble altar of Elyvilon.
  3156 | D:3      | Found a sparkling altar of Nemelex Xobeh.
  3178 | D:3      | 3178 ||| UPGRADING to +0 ring mail.
  3188 | D:3      | 3188 ||| DROPPING +0 leather armour.
  3189 | D:3      | 3189 ||| READING scroll labelled BURPHA TYXZAWK.
  3274 | D:4      | Reached skill level 3 in Fighting
  3445 | D:4      | 3445 ||| SWAPPING to +0 war axe.
  3446 | D:4      | 3446 ||| DROPPING +0 mace.
  3447 | D:4      | 3447 ||| DROPPING +1 hand axe.
  3547 | D:4      | 3547 ||| Stepping ~*~*~tactically~*~*~ (stealth).
  3549 | D:4      | 3549 ||| Stepping ~*~*~tactically~*~*~ (stealth).
  3550 | D:4      | 3550 ||| Stepping ~*~*~tactically~*~*~ (stealth).
  3552 | D:4      | 3552 ||| Stepping ~*~*~tactically~*~*~ (stealth).
  3559 | D:4      | Reached skill level 8 in Axes
  3562 | D:4      | Reached XP level 8. HP: 38/46 MP: 12/12
  3639 | D:4      | Found a radiant altar of Vehumet.
  3699 | D:4      | Noticed Ijyb
  3700 | D:4      | 3700 ||| Stepping ~*~*~tactically~*~*~ (hiding).
  3718 | D:4      | Killed Ijyb
  4167 | D:4      | 4167 ||| DRINKING potion of curing.
  4167 | D:4      | 4167 ||| (to cure confusion)
  4169 | D:4      | Reached skill level 9 in Axes
  4680 | D:4      | 4680 ||| UPGRADING to +0 chain mail.
  4690 | D:4      | 4690 ||| DROPPING +0 ring mail.
  4691 | D:4      | 4691 ||| READING scroll labelled DOASAC NIPAJY.
  4695 | D:4      | 4695 ||| DRINKING 2 purple potions.
  4723 | D:4      | 4723 ||| READING 2 scrolls of identify.
  4723 | D:4      | 4723 ||| IDENTIFYING ruby potion
  4724 | D:4      | 4724 ||| DROPPING potion of lignification.
  4793 | D:4      | 4793 ||| Stepping randomly (stuck).
  4872 | D:5      | Entered Level 5 of the Dungeon
  4875 | D:5      | Noticed Blork the orc
  4876 | D:5      | 4876 ||| Stepping ~*~*~tactically~*~*~ (hiding).
  4882 | D:5      | Killed Blork the orc
  5000 | D:5      | Found a shimmering altar of Xom.
  5095 | D:5      | Reached skill level 3 in Armour
  5103 | D:5      | 5103 ||| DROPPING +0 flail.
  5169 | D:5      | Noticed Duvessa
  5170 | D:5      | 5170 ||| Stepping ~*~*~tactically~*~*~ (stealth).
  5173 | D:5      | 5173 ||| Stepping ~*~*~tactically~*~*~ (stealth).
  5190 | D:5      | Killed Duvessa
  5375 | D:5      | Noticed Dowan
  5376 | D:5      | 5376 ||| Stepping ~*~*~tactically~*~*~ (stealth).
  5389 | D:5      | Noticed Eustachio
  5404 | D:5      | Killed Eustachio
  5405 | D:5      | Reached skill level 10 in Axes
  5479 | D:5      | 5479 ||| READING scroll of enchant weapon.
  5479 | D:5      | 5479 ||| ENCHANTING +0 war axe.
  5755 | D:5      | 5755 ||| UPGRADING to +0 plate armour.
  5765 | D:5      | 5765 ||| DROPPING +0 chain mail.
  5766 | D:5      | 5766 ||| DRINKING 3 fizzy coppery potions.
  5871 | D:5      | 5871 ||| DROPPING 2 potions of berserk rage.
  5888 | D:4      | 5888 ||| READING scroll of teleportation.
  5973 | D:4      | 5973 ||| Stepping randomly (stuck).
  6051 | D:6      | 6051 ||| Stepping ~*~*~tactically~*~*~ (stealth).
  6053 | D:6      | 6053 ||| Stepping ~*~*~tactically~*~*~ (hiding).
  6061 | D:6      | Reached XP level 9. HP: 32/51 MP: 13/13
  6068 | D:6      | HP: 10/47 [wight/+4 dire flail of freezing (9)]
  6068 | D:6      | HP: 4/45 [wight/+4 dire flail of freezing (4)]
  6073 | D:6      | Slain by a wight

Levels and vault maps discovered:
D:1:      spicycebolla_arrival_ecumenical, layout_basic
D:2:      layout_loops_ring, uniq_sigmund
D:3:      layout_rooms, nemelex_diamond_rough_becter,
          mainiacjoe_overflow_alcove_1, grunt_decor_mini_mirrors, uniq_grinder
D:4:      layout_basic, nicolae_overflow_hidden_temple, serial_bayou_pond_d,
          uniq_ijyb
D:5:      layout_loops_ring, minmay_ruined_shrine, uniq_duvessa,
          uniq_blork_the_orc, uniq_eustachio
D:6:      layout_basic, minmay_temple_entry_arrows

Skill      XL: |  1  2  3  4  5  6  7  8  9 |
---------------+----------------------------+-----
Axes           | 3 4 6 8 10 | 10.0
Dodging        | 4 |  4.6
Fighting       | 3 4 5 |  5.0
Armour         | 3 4 |  4.3
Throwing       | |  1.0
Spellcasting   | |  2.0
Translocations | |  2.4

Action                   |  1- 3 |  4- 6 |  7- 9 || total
-------------------------+-------+-------+-------++-------
Melee: Hand axe          |    76 |    36 |    34 ||   146
       Kick              |     9 |    12 |    54 ||    75
       Peck              |     9 |     7 |    30 ||    46
       Punch             |     1 |       |     3 ||     4
       War axe           |       |       |   140 ||   140
Throw: Boomerang         |     7 |       |    16 ||    23
  Use: Scroll            |     3 |     3 |     6 ||    12
       Potion            |       |       |     3 ||     3
 Stab: Distracted        |     1 |       |       ||     1
Armor: Leather armour    |    24 |     3 |     2 ||    29
       Ring mail         |       |       |    12 ||    12
       Chain mail        |       |       |    13 ||    13
       Plate armour      |       |       |     6 ||     6
Dodge: Dodged            |    48 |    16 |   115 ||   179

Table legend:
 A = Non-vault XP
 B = Vault XP
 C = Vault XP percentage of total XP
 D = Non-vault monster count
 E = Vault monster count
 F = Vault count percentage of total count
                 A         B        C        D         E       F
            +---------+---------+-------+---------+---------+-------
      Total |    1344 |    1225 |  47.7 |      94 |      12 |  11.3
            +---------+---------+-------+---------+---------+-------
        D:1 |      65 |       0 |   0.0 |      24 |       0 |   0.0
        D:2 |      59 |     239 |  80.2 |      15 |       1 |   6.2
        D:3 |     142 |     272 |  65.7 |      11 |       1 |   8.3
        D:4 |     595 |      32 |   5.1 |      26 |       1 |   3.7
        D:5 |     232 |     682 |  74.6 |      10 |       9 |  47.4
        D:6 |     251 |       0 |   0.0 |       8 |       0 |   0.0
            +---------+---------+-------+---------+---------+-------
